 Dungeon Crawl Stone Soup version bcrawl-1.21.2-28-g2cb1824106 (webtiles) character file.

Game seed: 5315942079238292609

114 MisterOstroum the Sneak (level 4, -5/39 HPs)
             Began as a Vine Stalker Archaeologist on Mar 5, 2020.
             Killed by divine providence
             ... invoked by an orc priest
              (9 damage)
             ... on level 3 of the Dungeon.
             The game lasted 00:03:28 (1856 turns).

MisterOstroum the Sneak (VSAc)                      Turns: 1856, Time: 00:03:29

Health: -5/39      AC: 22    Str: 14    XL:     4   Next: 97%
Magic:  5/5        EV:  2    Int: 14    God:
Gold:   62         SH:  4    Dex: 18    Spells: 3/3 levels left

rFire    . . .     SeeInvis .   a - +1 dagger (elec)
rCold    . . .     Gourm    .   w - +0 buckler
rNeg     + + +     Faith    .   (armour currently unavailable)
rPois    +         Spirit   .   (helmet currently unavailable)
rElec    .         Reflect  .   (cloak currently unavailable)
rCorr    .         Harm     .   (gloves currently unavailable)
MR       .....     NoTele   +   (boots currently unavailable)
Stlth    ++++......             (no amulet)
HPRegen  0.53/turn              (no ring)
MPRegen  0.09/turn              (no ring)

@: agile, tree-form
A: regeneration 1, no potion heal 3, rot immunity
a: no special abilities


You were on level 3 of the Dungeon.
You were not hungry.
You were a tree.
You visited 1 branch of the dungeon, and saw 3 of its levels.

You collected 62 gold pieces.

Inventory:

Hand Weapons
 a - a +1 dagger of electrocution (weapon)
 b - a +1 dagger of venom
 q - a +0 hunting sling of velocity
Missiles
 j - 386 stones (quivered)
 k - 141 arrows
 s - 50 tomahawks
 u - 191 bolts
 z - 128 sling bullets
Armour
 c - a +1 hat
 d - a +1 pair of boots (melded)
 m - a +1 robe
 t - a +0 helmet (melded)
 w - a +0 buckler (worn)
 C - a +0 leather armour of cold resistance (melded)
Jewellery
 l - an uncursed ring of protection from magic {unknown}
Wands
 A - a wand of polymorph (15)
Scrolls
 g - a scroll of magic mapping {@r5 !r}
 h - 2 scrolls of remove curse {unknown}
 n - a scroll of blinking {unknown}
 r - a scroll of teleportation {unknown}
 x - 2 scrolls of identify {unknown}
 y - 2 scrolls of fog {unknown}
Potions
 o - 2 potions of curing {unknown}
 p - a potion of lignification {@q6}
 v - 2 potions of agility
 D - a potion of degeneration {unknown}
Miscellaneous
 f - a dusty tome
Comestibles
 e - 3 rations {!d}


   Skills:
 + Level 2.2 Fighting
 * Level 2.0 Short Blades
   Level 0.8 Maces & Flails
 - Level 3.3 Dodging
 - Level 5.0 Stealth
 * Level 1.3 Shields


You had 3 spell levels left.
You didn't know any spells.
Your spell library was empty.

Dungeon Overview and Level Annotations

Branches:
Dungeon (3/12)

Altars:
Fedhas
Nemelex Xobeh


Innate Abilities, Weirdness & Mutations

((You have extremely sharp teeth.))
Your natural rate of healing is unusually fast.
Potions cannot restore your health.
You are immune to rotting.
((Your bites deal extra damage.))


Message History

You hit Natasha.
Natasha looks more poisoned.
Natasha is heavily wounded.
Natasha claws you.
You hit Natasha.
Natasha looks more poisoned.
Natasha is almost dead.
You kill Natasha!
Natasha screams in pain as she dies!
Your Short Blades skill increases to level 2!
Your Shields skill increases to level 1!
You now have 62 gold pieces (gained 23).
There is an open door here.
Wear which item? (? for menu, Esc to quit)
Okay, then.
Drop what? 30/52 slots (_ for help) (? for menu, Esc to quit)
You drop a +0 short sword.
You drop a +0 dagger.
Adjust to which letter? (? for menu, Esc to quit)
b - a +1 dagger of venom (weapon)
Wield which item (- for none, * to show all)? (? for menu, Esc to quit)
Your +1 dagger of venom stops dripping with poison.
You hear the crackle of electricity.
a - a +1 dagger of electrocution (weapon)
HP restored.
There is an open door here.
You open the door.
There is an open door here.
There is an open door here.
Some of the chunks of flesh in your inventory have rotted away.
You open the door.
There is an open door here.
e - 3 rations {!d} (gained 1) Some of the chunks of flesh in your inventory have rotted away.
y - 2 scrolls labeled JIOC MICUA
Found a ring mail.
x - 2 scrolls labeled NOIMOU ERUKK (gained 1)
An orc comes into view. It is wielding a +0 whip.
The orc moves out of view.
Found an escape hatch in the ceiling. 2 orc priests come into view.
An orc wizard comes into view. It is wielding a +0 dagger.
You hit the orc. Lightning courses through the orc!
You kill the orc!
An orc comes into view. It is wielding a +4 mace.
The orc shouts!
The orc wizard shouts!
Things that are here:
a +0 whip; a +0 leather armour; an orc corpse The orc priest shouts!
You hit the orc. Lightning courses through the orc!
You kill the orc!
You closely miss the orc priest. You closely miss the orc priest.
You block the orc priest's attack. The orc priest barely misses you.
You hit the orc priest but do no damage.
The orc priest invokes the aid of Beogh against you.
Beogh smites you!
The orc wizard hits you but does no damage.
You are too injured to fight recklessly!
You barely miss the orc priest. The orc priest misses you.
You hit the orc priest.
Lightning courses through the orc priest!
Your bite misses the orc priest.
The orc priest is severely wounded.
You block the orc wizard's attack.
The orc priest mumbles some strange prayers to Beogh against you.
Beogh smites you!
* * * LOW HITPOINT WARNING * * *
The orc priest calls upon Beogh to heal the orc priest.
The orc priest is healed somewhat.
All of the chunks of flesh in your inventory have rotted away.
It was a potion of agility.
You feel agile all of a sudden.
The orc wizard hits you but does no damage.
The orc priest completely misses you.
The orc priest hits you with a +0 hand axe.
* * * LOW HITPOINT WARNING * * *
It was a potion of lignification.
You turn into a tree.
Your +0 helmet melds into your body.
Your +1 pair of boots melds into your body.
Your +0 leather armour of cold resistance melds into your body.
You feel less resistant to cold.
Your roots penetrate the ground.
The orc wizard points at you and mumbles some strange words.
The puff of flame hits you.
* * * LOW HITPOINT WARNING * * *
The orc priest hits you but does no damage.
You hit the orc priest.
The orc priest is severely wounded.
The orc wizard hits you but does no damage.
The orc priest hits you but does no damage.
You hit the orc priest but do no damage.
Lightning courses through the orc priest!
The orc priest is severely wounded.
The orc wizard hits you but does no damage.
The orc priest hits you but does no damage. x2
You hit the orc priest.
The orc priest is almost dead.
The orc wizard hits you but does no damage.
The orc priest hits you but does no damage.
The orc priest mumbles some strange prayers to Beogh against you.
Beogh smites you!
You die...

#. #. # #.
#. ##.##
.#..#<..##
.........
......oo#
#.##o♣###
#.......#
#####.#.#
#.#.#
#.#.#
..#.#
###.# #.#
#.###


You could see 2 orc priests and an orc wizard.

Vanquished Creatures
  Ijyb (D:3)
  Natasha (D:3)
  A worm (D:2)
  A dart slug (D:2)
  6 leopard geckos
  2 orcs (D:3)
  A ball python (D:2)
  A giant cockroach (D:2)
  3 goblins
  6 hobgoblins
  9 jackals (D:1)
  5 kobolds
  3 bats
  4 frilled lizards
  3 rats
47 creatures vanquished.

Notes
Turn   | Place    | Note
-------+----------+-------------------------------------------
     0 | D:1      | MisterOstroum the Vine Stalker Archaeologist began the
                  | quest for the Orb.
     0 | D:1      | Reached XP level 1. HP: 11/11 MP: 2/2
     8 | D:1      | Reached skill level 1 in Fighting
    77 | D:1      | Reached XP level 2. HP: 16/16 MP: 3/3
   509 | D:1      | Reached XP level 3. HP: 21/21 MP: 4/4
  1082 | D:2      | Reached skill level 1 in Short Blades
  1112 | D:2      | Reached skill level 5 in Stealth
  1334 | D:2      | Found a blossoming altar of Fedhas.
  1334 | D:2      | Found a sparkling altar of Nemelex Xobeh.
  1464 | D:2      | Reached XP level 4. HP: 26/26 MP: 5/5
  1604 | D:3      | Noticed Ijyb
  1609 | D:3      | Killed Ijyb
  1688 | D:3      | Noticed Natasha
  1699 | D:3      | Killed Natasha
  1699 | D:3      | Reached skill level 1 in Shields
  1856 | D:3      | Killed from afar by an orc priest

Skill      XL: |  1  2  3  4 |
---------------+-------------+-----
Fighting       | 1 2 |  2.2
Short Blades   | 1 2 |  2.0
Stealth        | 5 |  5.0
Shields        | 1 |  1.3
Maces & Flails | |  0.8
Dodging        | |  3.3

Action                   |  1- 3 |  4- 6 || total
-------------------------+-------+-------++-------
Melee: Whip              |    63 |       ||    63
       Bite              |    11 |     2 ||    13
       Dagger            |    65 |    23 ||    88
       Short sword       |     1 |       ||     1
  Use: Potion            |       |     2 ||     2
 Stab: Sleeping          |    19 |     1 ||    20
  Eat: Chunk             |     2 |     1 ||     3
Armor: Robe              |    45 |     1 ||    46
       Skin              |       |     7 ||     7
       Leather armour    |       |     3 ||     3
Dodge: Dodged            |   100 |     4 ||   104
Block: Buckler           |     1 |     6 ||     7
